 Dungeon Crawl Stone Soup version 0.30.1-9-gdf580d7c3d (webtiles) character file.

Game seed: 9180553375211401460

2368 Cheops the Arsonist (level 9, -1/68 HPs)
             Began as a Naga Fire Elementalist on Oct 14, 2023.
             Was a Follower of Cheibriados.
             Shot with a sling bullet by Joseph (7 damage)
             ... on level 7 of the Dungeon.
             The game lasted 00:16:33 (8278 turns).

Cheops the Arsonist (Naga Fire Elementalist)        Turns: 8278, Time: 00:16:33

Health: -1/68      AC: 11    Str: 12    XL:     9   Next: 44%
Magic:  12/12      EV: 10    Int: 21    God:    Cheibriados [*.....]
Gold:   442        SH:  0    Dex: 20    Spells: 7/14 levels left

rFire   + . .        b - +11 whip of Sunlight {freeze, *Slow rElec rF+ rC+}
rCold   + . .        (no shield)
rNeg    . . .        h - +0 robe
rPois   +            n - +2 helmet
rElec   +            (no cloak)
rCorr   .            (no gloves)
SInv    +            (no barding)
Will    +....        (no amulet)
Stlth   +++          j - +4 ring of protection
HPRegen 0.31/turn    (no ring)
MPRegen 0.13/turn

%: slow self (1%)
@: very slow
A: AC +3, large, see invisible, deformed body, poison resistance, slowness 2,
spit poison 1, naga tail 1, agile 1, low MP 1, sense surroundings 1
a: Spit Poison, Renounce Religion, Bend Time


You were on level 7 of the Dungeon.
You worshipped Cheibriados.
Cheibriados was aware of your devotion.
You visited 2 branches of the dungeon, and saw 8 of its levels.

You collected 442 gold pieces.

Inventory:

Hand Weapons
 a - the +4 hand axe "Runicics" {venom, rElec Int-3 Stlth+}
   (You found it on level 1 of the Dungeon)

   Int:       It affects your intelligence (-3).
   rElec:     It insulates you from electricity.
   Stlth:     It makes you more stealthy.
 b - the +11 whip of Sunlight (weapon) {freeze, *Slow rElec rF+ rC+}
   (You took it off a hobgoblin on level 4 of the Dungeon)

   rF:        It protects you from fire.
   rC:        It protects you from cold.
   rElec:     It insulates you from electricity.
   *Slow:     It may slow you when you take damage.
 c - a +0 short sword
 e - a +2 halberd of protection
Armour
 h - a +0 robe (worn)
 n - a +2 helmet (worn)
Magical Staves
 m - a staff of air
Jewellery
 j - a +4 ring of protection (left hand)
Wands
 i - a wand of paralysis (11)
 o - a wand of digging (6)
 v - a wand of mindburst (10)
Scrolls
 f - a scroll of immolation {unknown}
 g - 5 scrolls of teleportation
 l - a scroll of fog
 q - a scroll of magic mapping {unknown}
 r - a scroll of vulnerability
 s - a scroll of blinking
Potions
 d - 3 potions of curing
 k - 3 potions of heal wounds
 p - 2 potions of magic
 t - a potion of cancellation
 u - a potion of flight {unknown}
 w - 2 potions of attraction {unknown}
 x - a potion of invisibility {unknown}


   Skills:
 - Level 1.5 Dodging
 - Level 3.0 Stealth
 - Level 3.0 Spellcasting
 + Level 8.8 Conjurations
 - Level 9.0 Fire Magic


You had 7 spell levels left.
You knew the following spells:

 Your Spells              Type           Power      Damage    Failure   Level
a - Foxfire               Conj/Fire      100%       2x1d9     1%          1
b - Scorch                Fire           80%        2d8       1%          2
w - Flame Wave            Conj/Fire      40%        2d11      3%          4

Your spell library contained the following spells:

 Spells                   Type           Power      Damage    Failure   Level
 Inner Flame              Hex/Fire       22%        N/A       6%          3
 Volatile Blastmotes      Fire/Tloc      44%        2d13      6%          3
 Slow                     Hex            12%        N/A       13%         1
 Ensorcelled Hibernation  Hex/Ice        6%         N/A       21%         2
 Lesser Beckoning         Tloc           6%         N/A       21%         2
 Sublimation of Blood     Necr           3%         N/A       21%         2
 Confusing Touch          Hex            3%         N/A       36%         3
 Gell's Gravitas          Tloc           3%         N/A       36%         3
 Spider Form              Tmut/Pois      3%         N/A       36%         3
 Teleport Other           Tloc           3%         N/A       36%         3
 Vampiric Draining        Necr           3%         2d6       36%         3
 Irradiate                Conj/Tmut      10%        3d15      52%         5
 Anguish                  Hex/Necr       1%         N/A       78%         4
 Petrify                  Tmut/Erth      3%         N/A       78%         4


Dungeon Overview and Level Annotations

Branches:
Dungeon (7/15)             Temple (1/1) D:4

Altars:
Ashenzari
Cheibriados
Dithmenos
Elyvilon
Hepliaklqana
Kikubaaqudgha
Makhleb
Nemelex Xobeh
Okawaru
Ru
Sif Muna
Trog
Uskayaw
Vehumet
Wu Jian
Xom
Yredelemnul
Zin

Shops:
D:4 *

Annotations:
D:6 2 transporters, pkoi's ghost, amateur DrMo
D:7 Joseph


Innate Abilities, Weirdness & Mutations

Your serpentine skin is tough. (AC +3)
You have supernaturally acute eyesight. (SInv)
Armour fits poorly on your strangely shaped body.
Your system is resistant to poisons. (rPois)
You cover ground very slowly.
You can spit poison.
You have a snake-like lower body.
You are agile. (Dex +4, Str/Int -1)
Your magical capacity is low. (-10% MP)
You passively map a small area around you.


Message History

Flames lash the sky beast.
The sky beast is burned terribly!
The sky beast is severely wounded.
The sky beast hits you but does no damage.
Casting: Scorch (safe; 1% risk of failure)
Confirm with . or Enter, or press ? or * to list all spells.
Flames lash the sky beast.
The sky beast is burned terribly!
You kill the sky beast!
Cheibriados appreciates the change of pace.
There is an open door here.
Key pressed, stopping explore.
You see here a +0 pair of boots.
Found a stone staircase leading down.
Found a +0 whip.
There is an open door here.
You open the door.
There is an open door here.
There is an open door here.
Key pressed, stopping explore.
You open the door.
There is an open door here.
There is an open door here.
Found 5 large rocks.
Joseph, a Mercenary comes into view.
He is wielding a +0 quarterstaff and carrying a wand of quicksilver (7).
Joseph shouts!
Joseph unwields a +0 quarterstaff.
Joseph wields a +0 sling.
Joseph shoots a sling bullet.
The sling bullet hits you.
Joseph shoots a sling bullet.
The sling bullet hits you!
Joseph is nearby!
Joseph is nearby!
Joseph is nearby!
Joseph zaps a wand.
The bolt of dispelling energy hits you!
* * * LOW HITPOINT WARNING * * *
Joseph zaps a wand.
The bolt of dispelling energy hits you!!
* * * LOW HITPOINT WARNING * * *
Joseph shouts, "Wow!"
Joseph zaps a wand.
The bolt of dispelling energy hits you!
* * * LOW HITPOINT WARNING * * *
Joseph shoots a sling bullet.
The sling bullet hits you!
You die...

####### #<# ......# #.# #####.#
#.# #####.# #.# ...##.# #.#
##.##.################ #.#
...##................# #.#
###..................# #.#
................@..@.# #.#
##.....############### #.#
#.....#### #.#
#........#####################.#
##....>...'......................
..........######.##########.###.#
...###....# #..# #.....#....
...'.#....# ##.## #.#####....
...#.#....# #..####.# #....


You could see Joseph.

Vanquished Creatures
  Prince Ribbit (D:6)
  2 water moccasins
  3 black bears
  2 sky beasts (D:7)
  An ice beast (D:6)
  4 ogres
  A centaur (D:6)
  2 bullfrogs
  A scorpion (D:7)
  3 wights (D:7)
  4 howler monkeys
  A jelly (D:7)
  An orc priest (D:7)
  A hound (D:6)
  A gnoll bouda (D:5)
  A sleepcap (D:6)
  2 iguanas
  3 orc wizards
  9 gnolls
  7 adders
  A shadow imp (D:6)
  2 white imps (D:5)
  13 orcs
  6 ball pythons
  7 bats
  7 endoplasms
  2 giant cockroaches
  3 goblins
  6 hobgoblins
  5 quokkas
  3 frilled lizards
  9 kobolds
  9 rats
123 creatures vanquished.

Vanquished Creatures (others)
  313 foxfires
313 creatures vanquished.

Grand Total: 436 creatures vanquished

Notes
Turn   | Place    | Note
-------+----------+-------------------------------------------
     0 | D:1      | Cheops the Naga Fire Elementalist began the quest for the
                  | Orb.
     0 | D:1      | Reached XP level 1. HP: 15/15 MP: 3/3
   232 | D:1      | Found a faded altar of an unknown god.
   242 | D:1      | Reached XP level 2. HP: 22/22 MP: 1/5
   333 | D:1      | Identified the +4 hand axe "Runicics" {venom, rElec Int-3
                  | Stlth+}
   429 | D:1      | Learned a level 2 spell: Scorch
  1174 | D:2      | Reached XP level 3. HP: 28/28 MP: 4/7
  1207 | D:2      | You fall into a shaft and drop 1 floor!
  1231 | D:3      | Reached XP level 4. HP: 36/36 MP: 3/8
  2022 | D:2      | Identified the +0 pair of boots of Weightlessness {rC+}
  2540 | D:2      | Reached XP level 5. HP: 42/42 MP: 7/9
  2831 | D:2      | Learned a level 4 spell: Flame Wave
  3742 | D:4      | Found Vupaibiw's General Store.
  3747 | D:4      | Noticed a black bear
  3763 | D:4      | Killed a black bear
  3764 | D:4      | Reached skill level 4 in Fire Magic
  3764 | D:4      | Reached XP level 6. HP: 35/49 MP: 2/10
  3999 | D:4      | Noticed a black bear
  4023 | D:4      | Killed a black bear
  4024 | D:4      | Reached skill level 5 in Fire Magic
  4219 | D:4      | Identified the +11 whip of Sunlight {freeze, *Slow rElec
                  | rF+ rC+}
  4495 | D:4      | Found a staircase to the Ecumenical Temple.
  4624 | Temple   | Entered the Ecumenical Temple
  4793 | D:5      | Entered Level 5 of the Dungeon
  4848 | D:5      | Found a shadowy altar of Dithmenos.
  4973 | D:5      | Noticed a water moccasin
  5019 | D:5      | Found a glowing silver altar of Zin.
  5087 | D:5      | Reached skill level 5 in Conjurations
  5087 | D:5      | Reached XP level 7. HP: 12/55 MP: 4/11
  5088 | D:5      | Gained mutation: Your magical capacity is low. (-10% MP)
                  | [potion of mutation]
  5088 | D:5      | Gained mutation: You are agile. (Dex +4, Str/Int -1)
                  | [potion of mutation]
  5088 | D:5      | Gained mutation: You passively map a small area around you.
                  | [potion of mutation]
  5266 | D:5      | Found a snail-covered altar of Cheibriados.
  5372 | D:5      | Became a worshipper of Cheibriados the Contemplative
  5627 | D:5      | Reached skill level 6 in Fire Magic
  5960 | D:6      | Reached XP level 8. HP: 62/62 MP: 11/11
  6018 | D:6      | Noticed Prince Ribbit
  6026 | D:6      | Killed Prince Ribbit
  6027 | D:6      | Reached skill level 7 in Fire Magic
  6184 | D:6      | Found a radiant altar of Vehumet.
  6184 | D:6      | Found a shimmering altar of Xom.
  6274 | D:6      | Reached * piety under Cheibriados
  6463 | D:6      | Found a transporter.
  6466 | D:6      | Noticed pkoi's ghost (amateur DrMo)
  6659 | D:6      | Found a transporter.
  6868 | D:6      | Reached skill level 8 in Fire Magic
  6868 | D:6      | Reached XP level 9. HP: 62/68 MP: 10/12
  7431 | D:7      | Reached skill level 9 in Fire Magic
  7562 | D:7      | Found a burning altar of Makhleb.
  8275 | D:7      | Noticed Joseph
  8278 | D:7      | Shot with a sling bullet by Joseph

Illustrated notes

Levels and vault maps discovered:
D:1:      nicolae_arrival_escape_room, layout_loops_ring,
          hellmonk_ecumenical_altar_lost_god
D:2:      layout_loops_corners, minmay_circle_x
D:3:      layout_basic, serial_curves, eino_curves_01, eino_curves_03,
          eino_curves_02, eino_curves_04
D:4:      layout_basic, temple_green, serial_shops, nicolae_shop_tiny_glass
D:5:      layout_gridville, overflow_temple_1_default, grunt_dithmenos_smoke,
          zin_treasury, nicolae_eternal_life
D:6:      layout_basic, chequers_temple_overflow_statue_of_worship,
          gammafunk_ghost_stat_death, minmay_fractal_squares_5,
          uniq_prince_ribbit1
D:7:      layout_basic, lemuel_crystal_altar, serial_bayou_lagoon_a, uniq_joseph
Temple:   hellmonk_temple_flake

Skill      XL: |  1  2  3  4  5  6  7  8  9 |
---------------+----------------------------+-----
Spellcasting   | 3 |  3.0
Conjurations   | 2 3 4 5 6 8 |  8.8
Fire Magic     | 4 5 6 8 9 |  9.0
Dodging        | |  1.5
Stealth        | |  3.0

Action                     |  1- 3 |  4- 6 |  7- 9 || total
---------------------------+-------+-------+-------++-------
  Melee: Short sword       |     9 |       |       ||     9
         Hand axe          |     1 |    10 |       ||    11
         Whip              |       |     8 |    51 ||    59
   Cast: Foxfire           |    39 |    90 |    55 ||   184
         Scorch            |     1 |     7 |    20 ||    28
         Flame Wave        |       |     1 |     3 ||     4
Ability: Spit Poison       |     1 |     1 |       ||     2
    Use: Scroll            |       |     7 |     3 ||    10
         Potion            |       |       |     4 ||     4
   Stab: Sleeping          |       |     2 |       ||     2
 Armour: Robe              |     1 |    15 |    42 ||    58
         Skin              |       |       |     7 ||     7
  Dodge: Dodged            |     8 |    20 |    56 ||    84
